 Dungeon Crawl Stone Soup version 0.18.1-50-g88ac8fd (webtiles) character file.

67 Goblin1989 the Firebug (level 4, 30/30 HPs)
             Began as a Demonspawn Fire Elementalist on Sept 18, 2017.
             Quit the game on level 2 of the Dungeon on Sept 19, 2017.
             The game lasted 00:07:28 (1732 turns).

Goblin1989 the Firebug (DsFE)                       Turns: 1732, Time: 00:07:29

Health: 30/30      AC:  3    Str:  8    XL:     4   Next: 0%
Magic:  0/8        EV: 12    Int: 17    God:
Gold:   39         SH:  0    Dex: 14    Spells: 2 memorised, 4 levels left

rFire  . . .     SeeInvis .     i - +0 short sword
rCold  . . .     Gourm    .     a - +0 robe
rNeg   . . .     Faith    .     (no shield)
rPois  .         Spirit   .     (no helmet)
rElec  .         Dismiss  .     (no cloak)
rCorr  .         Reflect  .     (no gloves)
SustAt .         Harm     .     (no boots)
MR     .....                    (no amulet)
Stlth  ++........               (no ring)
                                (no ring)

@: very slightly contaminated, not resistant to hostile enchantments, unstealthy
A: claws 1, icy blue scales 1, spiny 1
a: no special abilities


You were on level 2 of the Dungeon.
You were not hungry.

You visited 1 branch of the dungeon, and saw 2 of its levels.

You collected 39 gold pieces.

Inventory:

Hand Weapons
 i - a +0 short sword (weapon)
Missiles
 g - 110 stones (quivered)
 j - 58 arrows
Armour
 a - a +0 robe (worn)
Jewellery
 h - a ring of positive energy {unknown}
Scrolls
 k - 2 scrolls of magic mapping {unknown}
 l - a scroll of amnesia {unknown}
Potions
 m - a potion of lignification {unknown}
 n - a potion of haste {unknown}
Books
 b - a book of Flames

   Spells                             Type                      Level
   a - Flame Tongue                   Conjuration/Fire             1
   b - Throw Flame                    Conjuration/Fire             2
   c - Conjure Flame                  Conjuration/Fire             3
   d - Inner Flame                    Hexes/Fire                   3
   e - Sticky Flame                   Conjuration/Fire             4
   f - Fireball                       Conjuration/Fire             5
Comestibles
 e - a bread ration {@e1}


   Skills:
 - Level 1.7 Dodging
 - Level 1.7 Stealth
 + Level 2.6 Spellcasting
 * Level 2.2 Conjurations
 * Level 3.4 Fire Magic


You had 4 spell levels left.
You knew the following spells:

 Your Spells              Type           Power        Failure   Level  Hunger
a - Flame Tongue          Conj/Fire      ##...        6%          1    #......
j - Conjure Flame         Conj/Fire      ##......     17%         3    ###....


Dungeon Overview and Level Annotations

Branches:
Dungeon (2/15)

Altars:
Cheibriados


Innate Abilities, Weirdness & Mutations

You have sharp fingernails.
You are partially covered in icy blue scales (AC +1).
You are partially covered in sharp spines.


Message History

The adder poisons you!
You take 1 damage, and have 12/24 hp.
Casting: Flame Tongue
Confirm with . or Enter, or press ? or * to list all spells.
Aiming: Flame Tongue
Press: ? - help, Shift-Dir - straight line, f/p - adder
Aim: an adder (severely wounded)
The flame tongue hits the adder.
You kill the adder!
You feel sick.
You take 1 damage, and have 11/24 hp.
You now have 0/6 mp.
You feel sick.
You see here an adder corpse.
You take 1 damage, and have 10/24 hp.
You butcher the adder corpse.
n - 2 chunks of flesh You feel sick.
You start resting.
Eating one of 2 chunks of flesh.
This raw flesh tastes terrible.
You feel sick.
You continue eating. x2
You feel sick. x8
You are no longer poisoned.
You take 7 damage, and have 3/24 hp.
MASSIVE DAMAGE!!
You regained 3 mp, and now have 3/6 mp.
You start resting.
Your magical contamination has completely faded away.
You start resting.
Magic restored.
Eating a chunk of flesh.
This raw flesh tastes terrible.
You continue eating. x2
HP restored.
Health restored: 24; MP restored: 6 Unknown command.
j - 42 arrows (gained 31)
n - a glowing red potion
j - 58 arrows (gained 16)
A rat comes into view.
A rat is nearby!
A hobgoblin comes into view. It is wielding a club.
Casting: Flame Tongue
Confirm with . or Enter, or press ? or * to list all spells.
Aiming: Flame Tongue
Press: ? - help, Shift-Dir - straight line, f - rat
Aim: a rat (resting)
The flame tongue hits the rat.
You kill the rat!
You now have 5/7 mp.
Casting: Flame Tongue
Confirm with . or Enter, or press ? or * to list all spells.
You can't see any susceptible monsters within range! (Use Z to cast anyway.)
Casting: Flame Tongue
Confirm with . or Enter, or press ? or * to list all spells.
Aiming: Flame Tongue
Press: ? - help, Shift-Dir - straight line, f - hobgoblin
Aim: a hobgoblin, wielding a club You miscast Flame Tongue.
You are very lightly contaminated with residual magic.
Nothing appears to happen.
You now have 4/7 mp.
Casting: Flame Tongue
Confirm with . or Enter, or press ? or * to list all spells.
Aiming: Flame Tongue
Press: ? - help, Shift-Dir - straight line, f/p - hobgoblin
Aim: a hobgoblin, wielding a club The flame tongue hits the hobgoblin.
The hobgoblin is almost dead.
The hobgoblin closely misses you.
You now have 3/7 mp.
Casting: Flame Tongue
Confirm with . or Enter, or press ? or * to list all spells.
Aiming: Flame Tongue
Press: ? - help, Shift-Dir - straight line, f/p - hobgoblin
Aim: a hobgoblin, wielding a club (almost dead)
The flame tongue hits the hobgoblin.
The hobgoblin appears unharmed.
The hobgoblin is almost dead.
The hobgoblin hits you but does no damage.
You now have 2/7 mp.
Unknown command.
A hobgoblin is nearby!
Casting: Flame Tongue
Confirm with . or Enter, or press ? or * to list all spells.
Aiming: Flame Tongue
Press: ? - help, Shift-Dir - straight line, f/p - hobgoblin
Aim: a hobgoblin, wielding a club (almost dead)
The flame tongue misses the hobgoblin.
The hobgoblin closely misses you.
You now have 1/7 mp.
Unknown command.
Casting: Flame Tongue
Confirm with . or Enter, or press ? or * to list all spells.
Aiming: Flame Tongue
Press: ? - help, Shift-Dir - straight line, f/p - hobgoblin
Aim: a hobgoblin, wielding a club (almost dead)
The flame tongue hits the hobgoblin.
You kill the hobgoblin!
You have reached level 4!
You feel agile.
Your demonic ancestry asserts itself...
Sharp spines emerge from parts of your body.
Health restored: 30 You now have 0/8 mp.
Are you sure you want to abandon this character and quit the game? (Confirm with "yes".)

█████.█████.█ █....█
.█ .. █.████
██.████.█
█.███████$......█
█......██.......█
██████.██†......█
█.██.......█
█.█.......=█
█.█.@...!..█
████....).....█
███████.......█......
█...<................
█.█████.......█.(....
█.............█..!...
█............██ .....
█....█.█.....█ .....
█.....⌂......█


There were no monsters in sight!

Vanquished Creatures
  2 adders (D:2)
  A gnoll (D:1)
  A giant gecko (D:2)
  4 bats (D:1)
  2 giant cockroaches (D:1)
  5 goblins
  7 hobgoblins
  3 jackals (D:1)
  4 kobolds (D:1)
  6 rats
35 creatures vanquished.

Notes
Turn   | Place    | Note
--------------------------------------------------------------
     0 | D:1      | Goblin1989 the Demonspawn Fire Elementalist began the quest for the Orb.
     0 | D:1      | Reached XP level 1. HP: 13/13 MP: 3/3
   208 | D:1      | Gained mutation: You are partially covered in icy blue scales (AC +1). [demonic ancestry]
   208 | D:1      | Reached XP level 2. HP: 19/19 MP: 3/5
   340 | D:1      | Reached skill level 3 in Fire Magic
   467 | D:1      | Gained mutation: You have sharp fingernails. [demonic ancestry]
   467 | D:1      | Reached XP level 3. HP: 24/24 MP: 0/6
   824 | D:1      | Learned a level 3 spell: Conjure Flame
  1156 | D:2      | Found a snail-covered altar of Cheibriados.
  1731 | D:2      | Gained mutation: You are partially covered in sharp spines. [demonic ancestry]
  1731 | D:2      | Reached XP level 4. HP: 30/30 MP: 0/8
  1732 | D:2      | Quit the game

Skill      XL: |  1  2  3 |
---------------+----------+-----
Fire Magic     | 3 |  3.4
Conjurations   | 2 |  2.2
Dodging        | |  1.7
Stealth        | |  1.7
Spellcasting   | |  2.6

Action                   |  1- 3 |  4- 6 || total
-------------------------+-------+-------++-------
Melee: Short sword       |     9 |       ||     9
 Cast: Flame Tongue      |    62 |     1 ||    63
  Eat: Chunk             |     3 |       ||     3
Armor: Robe              |    11 |       ||    11
Dodge: Dodged            |    24 |       ||    24

Vault maps used:
D:1:      dpeg_arrival_prison
D:2:      lemuel_crystal_altar
